 Dungeon Crawl Stone Soup version 0.31-a0-978-g1e143483b6 (webtiles) character file.

Game seed: 16913636736940708694

1364770 Sergey the Acrobat (level 25, 119/119 HPs)
             Began as a Felid Necromancer on Oct 30, 2023.
             Was an Initiate of Gozag.
             Escaped with the Orb
             ... and 3 runes!
             The game lasted 03:58:38 (106929 turns).

Sergey the Acrobat (Felid Necromancer)            Turns: 106929, Time: 03:58:39

Health: 119/119    AC: 13    Str:  6    XL:     25   Next: 86%
Magic:  43/43      EV: 55    Int: 22    God:    Gozag
Gold:   3065       SH:  5    Dex: 31    Spells: 6/54 levels left
                                        Lives:  2   Deaths: 1

rFire   + .          .
                       - Unarmed
rCold   + . .        (shield unavailable)
rNeg    . . .        (body armour unavailable)
rPois   .            (helmet unavailable)
rElec   .            (cloak unavailable)
rCorr   .            (gloves unavailable)
SInv    +            (boots unavailable)
Will    +++..        B - amulet "Lirimaa" {Reflect Fly Str+2 Dex+6 SH+5}
Stlth   +++          R - ring of the Tortoise {AC+8}
HPRegen 0.39/turn    z - ring of Rued {rF+ EV+5, =R}
MPRegen 0.28/turn

%: reflection
@: flying, quick
A: very small, claws 1, fangs 3, see invisible, speed 1, shaggy fur 3, stealthy
paws, no weapons or thrown items, no armour, multi-lived, iridescent scales 1,
thin skeletal structure 1, screaming 1
0: Orb of Zot
}: 3/15 runes: serpentine, barnacled, abyssal
a: Renounce Religion, Potion Petition, Call Merchant, Bribe Branch


You escaped.
You worshipped Gozag.
Gozag was most pleased with you.
You visited 12 branches of the dungeon, and saw 51 of its levels.
You visited the Abyss 5 times.
You visited 1 bazaar.
You also visited: Sewer and Ossuary.

You collected 31371 gold pieces.
You spent 13633 gold pieces at shops.
You paid 14673 gold pieces to Gozag.

Inventory:

Hand Weapons
 f - a +0 long sword
Jewellery
 e - a +4 ring of protection
 l - a ring of flight
 p - the ring "Tepalaileu" {rF+ rN+ Int+3 Dex+2}
   (You found it on level 3 of the Crypt)

   [ring of positive energy]

   Int+3:     It affects your intelligence (+3).
   Dex+2:     It affects your dexterity (+2).
   rF+:       It protects you from fire.
   rN+:       It protects you from negative energy.
 r - a ring of protection from cold
 w - the amulet "Birani" {Spirit Dex+4}
   (You bought it in a shop on level 2 of the Lair of Beasts)

   [amulet of guardian spirit]

   Spirit:    It causes incoming damage to be divided between your reserves of
   health and magic.
   Dex+4:     It affects your dexterity (+4).
 x - a ring of willpower
 z - the ring of Rued (right paw) {rF+ EV+5, =R}
   (You bought it in a shop on level 2 of the Lair of Beasts)

   [ring of evasion]

   EV+5:      It affects your evasion (+5).
   rF+:       It protects you from fire.
 B - the amulet "Lirimaa" (around neck) {Reflect Fly Str+2 Dex+6 SH+5}
   (You took it off a merfolk on level 4 of the Shoals)

   [amulet of reflection]

   Reflect:   It reflects blocked missile attacks.
   Str+2:     It affects your strength (+2).
   Dex+6:     It affects your dexterity (+6).
   Fly:       It grants you flight.
   SH+5:      It affects your SH (+5).
 E - an amulet of regeneration
 F - the ring "Nicrudo" {rF+ rCorr EV+5 Str-3 SInv}
   (You took it off a tengu warrior on level 3 of the Depths)

   [ring of evasion]

   EV+5:      It affects your evasion (+5).
   Str-3:     It affects your strength (-3).
   rF+:       It protects you from fire.
   SInv:      It lets you see invisible.
   rCorr:     It protects you from acid and corrosion.
 G - the ring "Wyemurao" {rN+ MP+9 Str+5 Slay+3}
   (You found it on level 3 of the Crypt)

   [ring of positive energy]

   Str+5:     It affects your strength (+5).
   Slay+3:    It affects your accuracy & damage with ranged weapons and melee
   (+3).
   rN+:       It protects you from negative energy.
   MP+9:      It affects your magic capacity (+9).
 O - the ring "Esunuhiy" {rPois Will+}
   (You took it off a deep elf death mage on level 3 of the Elven Halls)

   [ring of poison resistance]

   rPois:     It protects you from poison Will+: It increases your willpower.
 R - the ring of the Tortoise (left paw) {AC+8}
   (You bought it in a shop on level 4 of the Depths)

   [ring of protection]

   AC+8:      It affects your AC (+8).
 S - a +4 ring of protection
Talismans
 T - a granite talisman
Wands
 c - a wand of quicksilver (24)
 i - a wand of roots (12)
 m - a wand of flame (90)
 q - a wand of polymorph (27)
 s - a wand of mindburst (17)
 v - a wand of digging (19)
 C - a wand of paralysis (15)
Scrolls
 d - 10 scrolls of teleportation {@r3}
 j - 3 scrolls of fear
 k - 7 scrolls of amnesia
 n - 7 scrolls of immolation
 o - 5 scrolls of blinking {@r4}
 y - 9 scrolls of poison
 D - 5 scrolls of vulnerability {!r}
 I - 2 scrolls of torment
 P - a scroll of fog {@r2}
 Q - a scroll of silence {!r}
Potions
 a - 5 potions of magic
 b - 11 potions of curing {@q2}
 g - 4 potions of heal wounds {@q1}
 h - 2 potions of ambrosia
 t - 10 potions of enlightenment
 u - 23 potions of mutation
 H - 3 potions of lignification
 J - 7 potions of cancellation
 K - 8 potions of brilliance
 L - 6 potions of might {@q3}
 M - 12 potions of haste {@q5}
 N - 4 potions of berserk rage
 W - a potion of attraction
Miscellaneous
 A - a phantom mirror
 U - a lightning rod (4/4)
 V - a condenser vane
 Z - a phial of floods


   Skills:
 + Level 16.6 Fighting
 + Level 22.7 Dodging
 - Level 15.0 Stealth
 + Level 19.2 Unarmed Combat
 - Level 15.0 Spellcasting
 - Level 8.0 Conjurations
 - Level 6.0 Hexes
 - Level 20.0 Summonings
 - Level 6.0 Necromancy
 - Level 15.0 Translocations
 - Level 8.0 Transmutations
 - Level 5.0 Ice Magic
 - Level 4.0 Earth Magic
 - Level 15.0 Evocations
 - Level 16.0 Shapeshifting


You had 6 spell levels left.
You knew the following spells:

 Your Spells              Type           Power      Damage    Failure   Level
a - Necrotise             Necr           100%       1d9       1%          1
b - Vampiric Draining     Necr           42%        2d9       1%          3
c - Frozen Ramparts       Ice            76%        1d12      1%          3
d - Hailstorm             Conj/Ice       45%        3d10      1%          3
e - Blink                 Tloc           100%       N/A       0%          2
f - Summon Forest         Summ/Tloc      38%        N/A       1%          5
g - Malign Gateway        Summ/Tloc      38%        N/A       2%          7
h - Passwall              Tmut/Erth      35%        N/A       1%          2
i - Summon Horrible Thin  Summ           40%        N/A       6%          8
p - Manifold Assault      Tloc           70%        N/A       1%          4
r - Irradiate             Conj/Tmut      25%        3d20      3%          5
t - Confusing Touch       Hex            42%        N/A       1%          3
x - Wereblood             Tmut           51%        N/A       1%          2

Your spell library contained the following spells:

 Spells                   Type           Power      Damage    Failure   Level
 Freeze                   Ice            100%       1d10      1%          1
 Sandblast                Erth           68%        2d15      1%          1
 Shock                    Conj/Air       100%       1d9       1%          1
 Slow                     Hex            100%       N/A       1%          1
 Ensorcelled Hibernation  Hex/Ice        80%        N/A       1%          2
 Jinxbite                 Hex            84%        N/A       1%          2
 Static Discharge         Conj/Air       68%        3-6/arc   1%          2
 Dazzling Flash           Conj/Hex       94%        N/A       1%          3
 Gell's Gravitas          Tloc           70%        N/A       1%          3
 Sigil of Binding         Hex            42%        N/A       1%          3
 Stone Arrow              Conj/Erth      84%        3d12      1%          3
 Summon Guardian Golem    Hex/Summ       65%        N/A       1%          3
 Teleport Other           Tloc           70%        N/A       1%          3
 Tukima's Dance           Hex            42%        N/A       1%          3
 Volatile Blastmotes      Fire/Tloc      98%        2d18      1%          3
 Fulminant Prism          Conj/Hex       23%        3d12      1%          4
 Iskenderun's Mystic Bla  Conj/Tloc      61%        2d13      1%          4
 Vhi's Electric Charge    Tloc/Air       98%        N/A       1%          4
 Summon Mana Viper        Hex/Summ       65%        N/A       1%          5
 Dispersal                Tloc           35%        N/A       1%          6
 Summon Cactus Giant      Summ           40%        N/A       1%          6
 Ignite Poison            Fire/Tmut/Pois 28%        N/A       3%          3
 Inner Flame              Hex/Fire       29%        N/A       3%          3
 Anguish                  Hex/Necr       21%        N/A       3%          4
 Brom's Barrelling Bould  Conj/Erth      42%        2d6       3%          4
 Petrify                  Tmut/Erth      42%        N/A       3%          4
 Iskenderun's Battlesphe  Conj           51%        2d10      3%          5
 Scorch                   Fire           32%        2d6       5%          2
 Yara's Violent Unravell  Hex/Tmut       23%        3d10      5%          5
 Flame Wave               Conj/Fire      34%        2d10      7%          4
 Sticky Flame             Conj/Fire      34%        2d5       7%          4
 Agony                    Necr           42%        N/A       9%          5
 Swiftness                Air            16%        N/A       11%         3
 Metabolic Englaciation   Hex/Ice        20%        N/A       11%         5
 Freezing Cloud           Conj/Ice/Air   17%        6-21      17%         5
 Arcjolt                  Conj/Air       17%        1d27      19%         5
 Fireball                 Conj/Fire      17%        3d9       19%         5
 Airstrike                Air            8%         2d(2-18)  34%         4
 Bombard                  Conj/Erth      21%        9d4       43%         6
 Conjure Ball Lightning   Conj/Air       17%        3x3d6     71%         6
 Eringya's Noxious Bog    Tmut/Pois      17%        4d6       71%         6
 Summon Hydra             Summ           40%        N/A       1%          7
 Haunt                    Necr/Summ      32%        N/A       14%         7
 Disjunction              Tloc           35%        N/A       45%         8
 Dragon's Call            Summ           40%        N/A       69%         9
 Orb of Destruction       Conj           25%        9d9       75%         7
 Borgnjor's Revivificati  Necr           21%        N/A       100%        8
 Ignition                 Fire           8%         3d5       100%        8
 Maxwell's Capacitive Co  Air            8%         ∞         100%        8
 Death's Door             Necr           21%        N/A       100%        9
 Animate Armour           Summ/Erth      Unusable   N/A       N/A         4
 Animate Dead             Necr           Unusable   N/A       N/A         4

Dungeon Overview and Level Annotations

Branches:
Dungeon (15/15)            Temple (1/1) D:4            Lair (5/5) D:9
 Shoals (4/4) Lair:2        Snake (4/4) Lair:2        Slime (0/5) Lair:4
    Orc (2/2) D:11            Elf (3/3) Orc:2        Vaults (4/5) D:14
  Crypt (3/3) Vaults:3       Tomb (1/3) Crypt:3      Depths (4/4) D:15
    Zot (5/5) Depths:4      Sewer (visited)         Ossuary (visited)

Altars:
Ashenzari
Cheibriados
Dithmenos
Elyvilon
Fedhas
Gozag
Hepliaklqana
Kikubaaqudgha
Makhleb
Nemelex Xobeh
Okawaru
Qazlal
Ru
Sif Muna
Trog
Uskayaw
Vehumet
Wu Jian
Xom
Yredelemnul
Zin
The Shining One
Jiyva
Lugonu

Shops:
D:3 =   D:4 *   D:5 =   D:11 *   D:14 *   Orc:2 *!=:   Lair:2 =   Shoals:3 (
Snake:2 :   Snake:3 ::=   Snake:4 :[(!   Vaults:1 (!=   Vaults:4 =*
Depths:4 =

Portals:
Hell: Depths:1 Depths:2 Depths:3 Depths:4
Abyss: Zot:2 Depths:2 Depths:3
Pandemonium: Depths:2
Ziggurat: Depths:2
Trove: D:12 (give 3 potions of resistance)

Annotations:
D:5 exclusion: downstairs
D:8 4 transporters
D:10 3 runed translucent doors, Xavier147's ghost, journeyman MiBe
D:12 3 runed translucent doors, senseless's ghost, journeyman DsSh
D:14 3 runed translucent doors, 2 exclusions, Takeo's ghost, journeyman TeBe
Shoals:2 3 runed translucent doors, exclusion: downstairs, Pouhacac's ghost, adept SpEn
Snake:1 Asterion
Snake:2 exclusion: downstairs
Orc:1 1 exclusion
Vaults:3 11 exclusions
Depths:1 exclusion: 4 doors


Innate Abilities, Weirdness & Mutations

You have sharp claws.
You have razor-sharp teeth.
You have supernaturally acute eyesight. (SInv)
You cover ground quickly. (Speed+)
Your thick and shaggy fur keeps you warm. (AC +3, rC+)
Your paws help you pounce on unaware monsters.
You are incapable of wielding weapons or throwing items.
You cannot wear armour.
You gain extra lives every three experience levels.
You are partially covered in iridescent scales. (AC +2)
You have a somewhat thin skeletal structure. (Dex +2, Stealth+)
You occasionally shout uncontrollably at your foes.


Message History

The sun demon hits you.
You are engulfed in flames.
You resist.
You scratch the sun demon but do no damage.
Your bite misses the sun demon.
The sun demon is almost dead.
The sun demon completely misses you.
An Orb Guardian comes into view.
You barely miss the sun demon.
The sun demon is almost dead.
You scratch the sun demon.
The sun demon is almost dead.
You block the sun demon's attack.
You claw the sun demon!
You kill the sun demon!
There is a stone staircase leading up here.
You fly upwards.
Level annotation: exclusion: downstairs
There is a stone staircase leading down here.
Things that are here:
2 stones; a +0 war axe
There is a stone staircase leading up here.
You fly upwards.
There is a stone staircase leading down here.
HP restored.
You see here a +0 scale mail.
You see here a +0 dagger.
There is a stone staircase leading up here.
You fly upwards.
There is a stone staircase leading down here.
Magic restored.
Your magical contamination has completely faded away.
There is a stone staircase leading up here.
You fly upwards.
There is a stone staircase leading down here.
You see here a +0 scimitar.
There is a stone staircase leading up here.
You fly upwards.
There is a stone staircase leading down here.
There is a staircase leading out of the dungeon here.
Unknown command.
You have escaped!

..##.........###...###..##.......#
.######.....##.#...#.##.##......>#
..# #.##..###.....###.##.......#
..# #.###..##.....##...........#
..## #.# #............###.......#
...####.###......#.....# #.......#
........##......###....####..#####
....######.....#...#....###..#
#.....###......#.@.#......#..#
#.#...#...###.........###..)##
#.#......#..#..#...#..#.[#..#
#...........#..#...#..#.....#
...#........#..##.##..#.....#
#.###.#..#.#....#.#....#.#..#
#.###............#..........#
#.####..##.####.......##.##.#
#.####..##............##.##.#


There were no monsters in sight!

Vanquished Creatures
  A dread lich (Zot:5)
  An orb of fire (Zot:5)
  2 juggernauts
  3 Killer Klowns (Zot:5)
  A curse toe (Zot:4)
  10 golden dragons
  A profane servitor (Crypt:3)
  3 electric golems
  5 bone dragons
  Jorgrun (Orc:2)
  2 liches
  15 Orb Guardians (Zot:5)
  14 tentacled monstrosities
  3 quicksilver dragons
  2 deep elf master archers (Elf:3)
  A deep elf blademaster (Elf:3)
  2 death cobs
  An eldritch tentacle (Depths:3)
  3 sphinxes
  10 tentacled starspawn
  4 ancient champions
  13 storm dragons
  8 nagarajas
  11 shadow dragons
  Donald (Vaults:4)
  3 tengu reavers
  Roxanne (D:14)
  Aizul (Elf:2)
  4 draconian knights
  2 revenants (Crypt:1)
  4 fire giants
  10 draconian monks
  6 deep elf sorcerers
  Ilsuiw (Shoals:3)
  2 draconian scorchers
  2 balrugs
  6 frost giants
  6 vault wardens
  3 iron dragons
  2 deep elf elementalists (Elf:3)
  A ghost moth (Zot:2)
  A cacodemon (Abyss:3)
  7 draconian stormcallers
  4 ghouls
  14 stone giants
  A reaper (Depths:3)
  An orc warlord (Vaults:1)
  5 draconian annihilators
  7 ironbound preservers
  2 spriggan defenders (Depths:3)
  A war gargoyle (Vaults:4)
  A formless jellyfish (Vaults:3)
  9 very ugly things
  12 ironbound thunderhulks
  6 deep elf annihilators (Elf:3)
  12 green draconians
  7 vampire knights
  9 black draconians
  A dire elephant (Vaults:2)
  4 deep elf demonologists
  20 yellow draconians
  3 spark wasps
  Azrael (Orc:2)
  8 red draconians
  8 purple draconians
  10 white draconians
  6 deep elf death magi
  4 eidola
  A blizzard demon (Depths:3)
  Josephine (Lair:3)
  4 ettins
  9 merfolk impalers
  A crystal guardian (Vaults:4)
  Snorg (D:13)
  4 merfolk javelineers
  9 yaktaur captains
  2 nameless horrors
  5 fire dragons
  2 entropy weavers
  4 deep elf high priests (Depths:3)
  20 jiangshi
  3 peacekeepers
  3 rakshasas
  A vault guard (Vaults:3)
  2 ogre magi
  7 great orbs of eyes
  A hydra (Lair:2)
  7 ice dragons
  6 merfolk avatars
  A fenstrider witch skeleton (Crypt:2)
  A spriggan skeleton (Crypt:2)
  3 boulder beetles
  3 spriggan air magi
  Erolcha (Orc:2)
  16 centaur warriors
  A catoblepas (Lair:3)
  An alligator snapping turtle (Shoals:4)
  7 merfolk aquamancers
  3 death knights
  8 death yaks
  22 dancing weapons
  5 death scarabs (Tomb:1)
  7 anacondas
  13 ironbound frosthearts
  10 two-headed ogres
  3 deep troll shamans
  3 satyrs
  A titan zombie (Vaults:2)
  4 deep troll earth magi
  A demonic crawler (Abyss:2)
  16 naga warriors
  12 tengu warriors
  6 orc high priests
  7 vampire magi
  13 thrashing horrors
  Urug (D:13)
  11 hell hogs
  4 occultists
  17 naga sharpshooters
  12 spriggan berserkers
  7 wretched stars
  6 sun demons
  5 hell knights
  18 deep elf knights
  5 shock serpents
  4 soul eaters
  4 salamander mystics
  A titan skeleton (Crypt:2)
  5 iron trolls
  3 shadow wraiths
  A fire crab (Lair:3)
  6 sixfirhies
  18 sea snakes
  30 skeletal warriors
  2 naga ritualists (Snake:4)
  2 skysharks
  A spriggan simulacrum (Abyss:3)
  8 glowing orange brains
  Lodul (D:10)
  An iron giant zombie (Crypt:2)
  A swamp dragon (shapeshifter) (Depths:3)
  3 bog bodies
  2 flayed ghosts
  13 ironbound convokers
  A golden dragon skeleton (Crypt:2)
  22 deep trolls
  A steelbarb worm (shapeshifter) (Elf:1)
  Pikel (D:4)
  8 arcanists
  10 mana vipers
  31 deep elf pyromancers
  13 phantasmal warriors
  10 deep elf archers
  2 lindwurms
  9 necromancers
  3 orc knights
  3 harpies (Shoals:4)
  A tengu zombie (Vaults:3)
  A stone giant zombie (Crypt:1)
  40 ugly things
  2 eleionoma zombies (Crypt:2)
  A spectral ettin (Crypt:3)
  32 deep elf zephyrmancers
  A jorogumo skeleton (Crypt:2)
  10 salamanders
  7 cyclopes
  2 worldbinders
  18 moths of wrath
  15 manticores
  7 fauns
  3 orc sorcerers
  11 merfolk sirens
  A stone giant skeleton (Crypt:2)
  Joseph (D:7)
  A dire elephant zombie (Crypt:1)
  An apocalypse crab (Abyss:3)
  41 black mambas
  8 guardian serpents
  An ice statue (Depths:3)
  7 smoke demons
  10 water nymphs
  8 elephants
  17 naga magi
  19 vault sentinels
  3 gargoyles
  An orange demon (Abyss:2)
  7 cane toads
  11 freezing wraiths
  A rime drake (Lair:5)
  2 swamp worm zombies (Crypt:1)
  2 efreet (Abyss:2)
  2 kobold demonologists
  An unseen horror (D:12)
  A yaktaur (shapeshifter) (Lair:5)
  17 yaktaurs
  9 komodo dragons
  2 ice devils (Depths:3)
  A tormentor (Abyss:3)
  An anaconda simulacrum (Snake:3)
  3 guardian mummies (Tomb:1)
  3 tengu conjurers
  A yaktaur skeleton (Vaults:2)
  4 hellwings
  4 ancient zymes
  5 wind drakes
  An alligator simulacrum (Snake:3)
  8 trolls
  41 merfolk
  3 harpy zombies
  4 hornets
  3 polar bears (Lair:4)
  Grinder (D:6)
  2 harpy skeletons
  A hornet (shapeshifter) (D:12)
  An iron dragon simulacrum (Crypt:3)
  19 raiju
  5 dream sheep
  2 glass eyes
  A fire dragon zombie (Crypt:2)
  10 snapping turtles
  17 blink frogs
  A stone giant simulacrum (Crypt:2)
  23 slime creatures
  An air elemental (Elf:2)
  A culicivora (shapeshifter) (Vaults:3)
  A jumping spider (Vaults:1)
  12 large abominations
  A black mamba zombie (Crypt:2)
  A jumping spider (shapeshifter) (D:14)
  A shadow (Crypt:3)
  A wyvern (shapeshifter) (D:12)
  41 flying skulls
  3 wyverns
  7 ynoxinuls
  2 spriggans (Depths:3)
  16 wraiths
  A yak (shapeshifter) (D:15)
  3 ushabtiu (Tomb:1)
  25 yaks
  A spriggan (shapeshifter) (D:14)
  2 vampires
  An elf simulacrum (Vaults:3)
  A tyrant leech zombie (Crypt:1)
  9 basilisks
  10 water elementals
  An alligator snapping turtle simulacrum (Crypt:1)
  2 minotaur simulacra (Snake:3)
  17 small abominations
  10 fire elementals
  A steam dragon (D:10)
  A golden eye (D:8)
  3 redbacks
  3 neqoxecs (Abyss:3)
  9 vampire mosquitoes
  A black mamba skeleton (Crypt:2)
  4 chaos spawn
  56 nagas
  5 wargs
  2 harpy simulacra
  An acid dragon (D:11)
  3 hell hounds (Orc:2)
  24 water moccasins
  A naga skeleton (Crypt:2)
  2 black bears
  7 orc warriors
  3 ice beasts
  An ettin simulacrum (Depths:3)
  2 sky beasts
  11 ogres
  A boggart (Abyss:2)
  12 centaurs
  3 phantoms
  2 necrophages (Crypt:3)
  6 kobold brigands
  17 bullfrogs
  4 earth elementals
  3 gnoll sergeants
  2 deep troll simulacra (Snake:3)
  2 elf skeletons
  2 scorpions (D:7)
  A human skeleton (Vaults:3)
  A wight (D:7)
  2 troll zombies (D:11)
  A lindwurm simulacrum (Snake:3)
  A warg skeleton (Crypt:1)
  4 killer bees (D:11)
  4 electric eels
  8 howler monkeys
  A lava snake (Snake:3)
  3 quasits (Abyss:2)
  2 human zombies
  3 gnoll boudas
  44 orc priests
  3 hounds
  A jelly (D:6)
  A sleepcap (D:5)
  22 starcursed masses
  3 iron imps
  Terence (D:2)
  5 scorpion zombies (D:6)
  3 iguanas (D:5)
  20 orc wizards
  5 hell rats (Lair:5)
  A killer bee zombie (Crypt:1)
  6 ogre zombies (D:11)
  A mummy (Tomb:1)
  26 gnolls
  A howler monkey skeleton (D:6)
  4 river rats (Sewer)
  6 adders
  A shadow imp (Abyss:3)
  4 white imps
  9 ufetubi
  4 worms
  79 orcs
  21 bats
  A bat zombie (Crypt:1)
  8 endoplasms
  2 giant cockroaches
  3 gnoll zombies
  8 goblins
  8 hobgoblins
  6 jackals
  20 kobolds
  8 quokkas
  9 ball pythons
  A ball python skeleton (Crypt:1)
  4 frilled lizards
  3 gnoll skeletons (D:11)
  A hobgoblin zombie (Ossuary)
  A jackal zombie (Crypt:2)
  20 orc zombies (D:11)
  7 rats
  2 lurking horrors
  A snaplasher vine (Depths:3)
  2 starspawn tentacles (Abyss:3)
2175 creatures vanquished.

Vanquished Creatures (collateral kills)
  A dread lich (Zot:5)
  2 Killer Klowns (Zot:5)
  2 golden dragons (Depths:2)
  Jory (Vaults:2)
  Zenata (Vaults:2)
  A tentacled monstrosity (Zot:5)
  A lich (Depths:2)
  Rupert (D:14)
  7 Orb Guardians
  3 storm dragons
  3 shadow dragons
  A revenant (Crypt:3)
  A ghost moth (Zot:5)
  A fire giant (Depths:3)
  A frost giant (Depths:4)
  A draconian stormcaller (Depths:4)
  5 very ugly things
  A draconian annihilator (Depths:4)
  A spriggan defender (Depths:2)
  2 stone giants
  A reaper (Zot:5)
  2 vampire knights (Crypt:3)
  A green draconian (Zot:5)
  A white draconian (Depths:4)
  2 red draconians (Depths:4)
  A yellow draconian (Depths:4)
  A deep elf death mage (Crypt:3)
  An ettin (Depths:1)
  2 fire dragons (Depths:3)
  7 jiangshi
  A crystal guardian (Depths:1)
  2 ice dragons (Depths:4)
  A rakshasa (Depths:2)
  A spriggan skeleton (Crypt:2)
  3 death knights (Crypt:3)
  An ironbound frostheart (Vaults:2)
  A dancing weapon (Elf:2)
  5 tengu warriors
  A deep troll earth mage (Depths:3)
  2 deep troll shamans
  A hell hog (Abyss:3)
  2 spriggan berserkers (Depths:3)
  2 sun demons
  A shadow wraith (Crypt:3)
  5 skeletal warriors
  A spectral bunyip (Crypt:3)
  A deep troll (Depths:3)
  3 iron trolls (Depths:3)
  A flayed ghost (Crypt:3)
  A glowing orange brain (D:15)
  An arcanist (Vaults:2)
  A necromancer (Crypt:2)
  A phantasmal warrior (Crypt:2)
  A deep elf zephyrmancer (Elf:2)
  2 ugly things (Depths:2)
  3 moths of wrath
  2 vault sentinels (Vaults:2)
  A centaur skeleton (Crypt:2)
  An orange demon (Abyss:3)
  A dire elephant skeleton (Crypt:2)
  A freezing wraith (Crypt:3)
  A yaktaur (Vaults:2)
  A tengu conjurer (Depths:3)
  A hellwing (Abyss:2)
  A hornet (Depths:3)
  17 flying skulls (Crypt:3)
  A slime creature (D:15)
  A spriggan (Depths:3)
  3 shadows (Crypt:3)
  A wraith (Crypt:3)
  2 starcursed masses (Abyss:2)
  A harpy simulacrum (Crypt:3)
  3 nagas (Snake:4)
  5 small abominations
  2 large abominations
  2 necrophages (Crypt:3)
  A quasit (Abyss:2)
  A white imp (Abyss:1)
  A hobgoblin (D:3)
  A jackal (D:3)
  A lurking horror (Abyss:1)
154 creatures vanquished.

Vanquished Creatures (others)
  2 orbs of fire (Zot:5)
  4 Killer Klowns (Zot:5)
  A golden dragon (Zot:5)
  A tentacled monstrosity (Zot:5)
  A walking crystal tome (Depths:2)
  An electric golem (Zot:5)
  3 Orb Guardians (Zot:5)
  A death cob (Zot:5)
  35 eldritch tentacles
  2 storm dragons (Zot:5)
  2 fire giants (Depths:1)
  A ghost moth (Zot:5)
  A very ugly thing (Depths:2)
  A vampire knight (Crypt:3)
  2 purple draconians (Zot:5)
  2 yellow draconians (Zot:5)
  A death knight (Crypt:3)
  2 quicksilver dragon simulacra (Depths:3)
  A naga ritualist (Snake:3)
  A bog body (Crypt:1)
  2 deep elf pyromancers
  A moth of wrath (Zot:5)
  A black mamba (Snake:3)
  A yaktaur (Vaults:3)
  A tengu conjurer (Depths:3)
  A raiju (Abyss:3)
  An air elemental (Abyss:3)
  2 ettin simulacra (Depths:3)
  A lurking horror (Abyss:2)
  35 snaplasher vines
  20 starspawn tentacles
131 creatures vanquished.

Grand Total: 2460 creatures vanquished

Notes
Turn   | Place    | Note
-------+----------+-------------------------------------------
     0 | D:1      | Sergey the Felid Necromancer began the quest for the Orb.
     0 | D:1      | Reached XP level 1. HP: 7/7 MP: 4/4
   280 | D:1      | Reached XP level 2. HP: 11/11 MP: 4/6
   553 | D:1      | Found a faded altar of an unknown god.
  1176 | D:2      | Noticed Terence
  1290 | D:2      | Killed Terence
  1291 | D:2      | Reached skill level 5 in Stealth
  1291 | D:2      | Reached XP level 3. HP: 14/14 MP: 1/7
  1295 | D:2      | Learned a level 3 spell: Vampiric Draining
  2357 | D:2      | Reached XP level 4. HP: 16/18 MP: 0/8
  2603 | D:3      | Reached skill level 1 in Fighting
  2957 | D:3      | Found Bian's Jewellery Shop.
  3685 | D:4      | Noticed Pikel
  3685 | D:4      | Noticed a lemure
  3685 | D:4      | Noticed a lemure
  3751 | D:4      | Noticed a lemure
  3992 | D:4      | Found a staircase to the Ecumenical Temple.
  4046 | Temple   | Entered the Ecumenical Temple
  4105 | Temple   | Became a worshipper of Gozag Ym Sagoz the Greedy
  4227 | D:4      | Found Soemin's Assorted Antiques.
  4232 | D:4      | Bought a crooked silver wand for 100 gold pieces
  4265 | D:4      | Bought a scroll labelled HEORHU OPLOYLA for 25 gold pieces
  4571 | D:4      | Reached skill level 1 in Evocations
  4615 | D:4      | Found a glowing golden altar of the Shining One.
  5012 | D:4      | Noticed a lemure
  5066 | D:5      | Entered Level 5 of the Dungeon
  5197 | D:5      | Reached XP level 5. HP: 22/22 MP: 7/10
  5198 | D:5      | Noticed a black bear
  5245 | D:4      | Killed a black bear
  5281 | D:5      | Gained mutation: You are covered in thick fur. (AC +2)
                  | [Felid growth]
  5281 | D:5      | Reached XP level 6. HP: 25/25 MP: 11/11
  5495 | D:5      | Reached skill level 5 in Evocations
  5984 | D:5      | Found Peolid's Jewellery Emporium.
  6178 | D:4      | Killed Pikel
  6179 | D:4      | Reached skill level 4 in Dodging
  6179 | D:4      | Reached skill level 5 in Dodging
  6179 | D:4      | Reached skill level 6 in Dodging
  6179 | D:4      | Reached XP level 7. HP: 31/31 MP: 12/12
  6610 | D:5      | Reached XP level 8. HP: 36/36 MP: 8/13
  7697 | D:6      | Found a sand-covered staircase.
  7720 | D:6      | Reached skill level 5 in Necromancy
  7730 | Ossuary  | Entered an ossuary
  7834 | D:6      | Reached skill level 1 in Unarmed Combat
  8158 | D:6      | Found a glowing drain.
  8164 | Sewer    | Entered a sewer
  9144 | D:3      | Bought an amulet of guardian spirit for 390 gold pieces
  9288 | D:5      | Reached skill level 5 in Spellcasting
  9589 | D:5      | Reached XP level 9. HP: 39/39 MP: 13/18
  9636 | D:5      | Found a glowing silver altar of Zin.
  9636 | D:5      | Found a hide-covered altar of Uskayaw.
  9636 | D:5      | Found a basalt altar of Yredelemnul.
  9640 | D:5      | Found a broken altar of Ashenzari.
  9714 | D:6      | Noticed Grinder
 10232 | D:7      | Identified the +2 leather armour of Heejinu {Stlth+}
 10482 | D:5      | Bought a ring of magical power for 240 gold pieces
 10482 | D:5      | Bought a ring of poison resistance for 240 gold pieces
 11285 | D:7      | Noticed Joseph
 11774 | D:8      | Found a transporter.
 11777 | D:8      | Found a transporter.
 11781 | D:8      | Found a transporter.
 11893 | D:8      | Found a transporter.
 12639 | D:9      | Noticed a troll
 12872 | D:9      | Reached skill level 7 in Dodging
 12981 | D:9      | Found a staircase to the Lair.
 13105 | D:9      | Noticed a kobold demonologist
 13274 | D:9      | Noticed a troll
 13533 | D:10     | Entered Level 10 of the Dungeon
 13591 | D:10     | Noticed a tengu conjurer
 14270 | D:9      | Learned a level 3 spell: Frozen Ramparts
 14292 | D:9      | Killed a troll
 14293 | D:9      | Reached skill level 1 in Ice Magic
 14293 | D:9      | Reached XP level 10. HP: 42/42 MP: 23/23
 14631 | D:9      | Reached skill level 8 in Dodging
 15072 | D:10     | Found a runed translucent gate.
 15073 | D:10     | Found a runed translucent gate.
 15073 | D:10     | Found a runed translucent gate.
 15074 | D:10     | Noticed a red ugly thing
 15075 | D:10     | Noticed a red ugly thing
 15080 | D:10     | Noticed a brown ugly thing
 15081 | D:10     | Noticed a cyan ugly thing
 15321 | D:10     | Noticed a two-headed ogre
 15348 | D:10     | Noticed Lodul
 15830 | D:10     | Killed a two-headed ogre
 15831 | D:10     | Reached skill level 5 in Ice Magic
 16284 | Lair:1   | Entered Level 1 of the Lair of Beasts
 16312 | Lair:1   | Reached skill level 9 in Dodging
 16454 | Lair:1   | Reached skill level 10 in Dodging
 16716 | Lair:1   | Noticed an elephant
 16716 | Lair:1   | Noticed an elephant
 16835 | Lair:1   | Noticed a cane toad
 16861 | Lair:1   | Killed a cane toad
 17598 | Lair:1   | Noticed an elephant
 17598 | Lair:1   | Noticed an elephant
 17787 | Lair:1   | Killed an elephant
 17788 | Lair:1   | Reached XP level 11. HP: 46/46 MP: 25/25
 18451 | Lair:2   | Reached skill level 10 in Spellcasting
 18925 | Lair:2   | Found a staircase to the Snake Pit.
 20097 | Lair:2   | Noticed a six-headed hydra
 20613 | Lair:2   | Found a staircase to the Shoals.
 21150 | Lair:2   | Reached skill level 5 in Fighting
 21709 | Lair:2   | Identified a scroll of acquirement
 21712 | Lair:2   | Acquired 844 gold pieces
 21717 | Lair:2   | Bought the amulet "Birani" {Spirit Dex+4} for 726 gold
                  | pieces
 21717 | Lair:2   | Bought the ring of Rued {rF+ EV+5} for 800 gold pieces
 21892 | Lair:3   | Noticed a fire crab
 21906 | Lair:3   | Killed a fire crab
 22251 | Lair:3   | Reached skill level 11 in Dodging
 22251 | Lair:3   | Gained mutation: Your thick and shaggy fur keeps you warm.
                  | (AC +3, rC+) [Felid growth]
 22251 | Lair:3   | Reached XP level 12. HP: 52/52 MP: 10/29
 22640 | Lair:3   | Noticed a seven-headed hydra
 22640 | Lair:3   | Noticed a catoblepas
 22677 | Lair:3   | Reached skill level 12 in Dodging
 23119 | Lair:3   | Reached skill level 5 in Unarmed Combat
 23972 | Lair:4   | Noticed a boulder beetle
 24259 | Lair:3   | Learned a level 3 spell: Confusing Touch
 24362 | Lair:4   | Reached skill level 1 in Hexes
 24888 | Lair:4   | Found a viscous altar of Jiyva.
 24888 | Lair:4   | Found a staircase to the Slime Pits.
 24917 | Lair:4   | Noticed a death yak
 24917 | Lair:4   | Noticed a death yak
 24917 | Lair:4   | Noticed a death yak
 24917 | Lair:4   | Noticed a death yak
 24917 | Lair:4   | Noticed a death yak
 24994 | Lair:4   | Killed a death yak
 25166 | Lair:4   | Killed a boulder beetle
 25167 | Lair:4   | Reached skill level 10 in Stealth
 25268 | Lair:4   | Killed a death yak
 25269 | Lair:4   | Reached skill level 5 in Hexes
 25438 | Lair:4   | Killed a death yak
 25442 | Lair:4   | Killed a death yak
 25447 | Lair:4   | Killed a death yak
 25624 | Lair:4   | Learned a level 3 spell: Hailstorm
 25875 | Lair:5   | Entered Level 5 of the Lair of Beasts
 25996 | Lair:5   | Reached skill level 1 in Conjurations
 26380 | Lair:5   | Noticed a death yak
 26383 | Lair:5   | Noticed a death yak
 26406 | Lair:5   | Noticed a death yak
 26452 | Lair:5   | Killed a death yak
 26453 | Lair:5   | Reached XP level 13. HP: 30/57 MP: 3/30
 28502 | D:3      | Bought a beast talisman for 260 gold pieces
 28640 | D:7      | Killed Joseph
 29016 | D:11     | Reached skill level 1 in Shapeshifting
 29257 | D:11     | Found a radiant altar of Vehumet.
 29662 | D:11     | Found a staircase to the Orcish Mines.
 30074 | D:11     | Reached skill level 5 in Conjurations
 30602 | D:12     | Found a runed translucent gate.
 30602 | D:12     | Found a runed translucent gate.
 30602 | D:12     | Found a runed translucent gate.
 30694 | D:12     | Found a portal to a secret trove of treasure.
 30842 | D:12     | Reached skill level 5 in Shapeshifting
 31355 | D:12     | Noticed a ghost moth
 31413 | D:13     | Identified the +0 ring mail "Biharyfa" {Str+5 Dex-3}
 31732 | D:13     | Noticed Urug
 31738 | D:13     | Killed Urug
 31953 | D:13     | Found a hazy altar of Hepliaklqana.
 32307 | D:13     | Noticed Snorg
 32352 | D:13     | Killed Snorg
 32760 | D:3      | Bought a ring of willpower for 325 gold pieces
 32928 | Orc:1    | Entered Level 1 of the Orcish Mines
 33414 | Orc:1    | Found a runed translucent door.
 33417 | Orc:1    | Noticed a balrug
 33758 | Orc:2    | Entered Level 2 of the Orcish Mines
 34077 | Orc:2    | Noticed Azrael
 34349 | Orc:2    | Killed Azrael
 34447 | Orc:2    | Noticed Jorgrun
 34506 | Orc:2    | Killed Jorgrun
 34507 | Orc:2    | Reached XP level 14. HP: 63/63 MP: 31/31
 34695 | Orc:2    | Found a staircase to the Elven Halls.
 34849 | Orc:2    | Noticed Erolcha
 36520 | Orc:2    | Reached skill level 10 in Shapeshifting
 37048 | Orc:2    | Found Hefali's Book Shop.
 37048 | Orc:2    | Found Jalil's Jewellery Emporium.
 37564 | Orc:2    | Found Lizxaag's General Store.
 37564 | Orc:2    | Found Lyisu's Distillery.
 37718 | Orc:2    | Bought a potion of enlightenment for 70 gold pieces
 37718 | Orc:2    | Bought a potion of brilliance for 56 gold pieces
 37718 | Orc:2    | Bought a potion of curing for 42 gold pieces
 37718 | Orc:2    | Bought a potion of curing for 42 gold pieces
 37718 | Orc:2    | Bought a potion of cancellation for 112 gold pieces
 37718 | Orc:2    | Bought 2 potions of ambrosia for 224 gold pieces
 37718 | Orc:2    | Bought a potion of might for 56 gold pieces
 37718 | Orc:2    | Bought a potion of heal wounds for 70 gold pieces
 38106 | Orc:1    | Identified the -2 helmet of the Game Afoot {-Cast rN+
                  | Dex+5}
 38130 | D:11     | Bought a scroll of teleportation for 81 gold pieces
 38130 | D:11     | Bought a potion of heal wounds for 135 gold pieces
 38249 | D:14     | Noticed Rupert
 38269 | D:14     | Killed Rupert
 38825 | D:14     | Found Kalusos's Blood Bar.
 38920 | D:14     | Noticed Roxanne
 38991 | D:14     | Found a gate to the Vaults.
 39938 | D:14     | Found a runed translucent gate.
 39938 | D:14     | Found a runed translucent gate.
 39938 | D:14     | Found a runed translucent gate.
 39941 | D:14     | Noticed Takeo's ghost (journeyman TeBe)
 40255 | D:15     | Entered Level 15 of the Dungeon
 40293 | D:15     | Found a flickering gateway to a bazaar.
 40302 | Bazaar   | Entered a bazaar
 40302 | Bazaar   | Found Log Poipp's General Store.
 40309 | Bazaar   | Found Goakk's Antique Weapon Shoppe.
 40317 | Bazaar   | Found Giasisite's Jewellery Shoppe.
 40328 | Bazaar   | Found Lurukk's Antique Armour Boutique.
 40340 | Bazaar   | Found Kurchox's Magic Scroll Emporium.
 40766 | D:6      | Killed Grinder
 41437 | Lair:3   | Reached skill level 10 in Fighting
 41437 | Lair:3   | Reached skill level 10 in Unarmed Combat
 41693 | Lair:3   | Noticed Josephine
 41835 | Lair:3   | Killed Josephine
 42351 | Snake:1  | Entered Level 1 of the Snake Pit
 43622 | Snake:1  | Reached skill level 1 in Translocations
 43897 | Snake:1  | Noticed Asterion
 44377 | Snake:1  | Reached XP level 15. HP: 69/69 MP: 32/32
 44945 | Snake:2  | Found Qenia's Book Shoppe.
 45226 | Snake:2  | Identified the +3 pair of gloves "Pifistrull" {Will- Str+7
                  | Dex+3}
 45282 | Snake:2  | Reached skill level 5 in Translocations
 45282 | Snake:2  | Noticed a nagaraja
 45345 | Snake:2  | Learned a level 4 spell: Manifold Assault
 45961 | Shoals:1 | Entered Level 1 of the Shoals
 47789 | Shoals:2 | Found a runed translucent gate.
 47789 | Shoals:2 | Found a runed translucent gate.
 47789 | Shoals:2 | Found a runed translucent gate.
 47793 | Shoals:2 | Noticed Pouhacac's ghost (adept SpEn)
 50313 | Snake:3  | Found a frozen archway.
 50857 | D:14     | Killed Roxanne
 51185 | D:11     | Bought a wand of paralysis (7) for 453 gold pieces
 51185 | D:11     | Bought a lightning rod (4/4) for 1080 gold pieces
 51635 | D:15     | HP: 3/69 [manticore (1)]
 51636 | D:15     | Slain by a manticore
 51696 | D:15     | Found a bloodstained altar of Trog.
 52357 | D:15     | Found a sparkling altar of Nemelex Xobeh.
 52947 | D:10     | Killed Lodul
 53108 | D:10     | Found a runed translucent gate.
 53108 | D:10     | Found a runed translucent gate.
 53115 | D:10     | Noticed Xavier147's ghost (journeyman MiBe)
 53115 | D:10     | Found a runed translucent gate.
 54239 | Shoals:3 | Found Uwnucw's Weapon Shoppe.
 54708 | Shoals:3 | Reached skill level 15 in Shapeshifting
 54930 | Shoals:3 | Reached XP level 16. HP: 73/73 MP: 33/33
 55969 | Shoals:3 | Noticed Ilsuiw
 56142 | Shoals:3 | Reached skill level 1 in Transmutations
 56216 | Shoals:3 | Killed Ilsuiw
 57390 | Shoals:4 | Identified the "Duloteps"
 57390 | Shoals:4 | Entered Level 4 of the Shoals
 57704 | Snake:2  | Bought a book of Changes for 288 gold pieces
 57710 | Snake:2  | Learned a level 5 spell: Irradiate
 57861 | Shoals:4 | Reached skill level 5 in Transmutations
 58710 | Shoals:4 | Identified the amulet "Lirimaa" {Reflect Fly Str+2 Dex+6
                  | SH+5}
 59376 | Shoals:4 | Got a barnacled rune of Zot
 59700 | Shoals:4 | Learned a level 2 spell: Passwall
 59919 | Shoals:4 | Reached skill level 1 in Earth Magic
 60437 | Shoals:4 | Reached XP level 17. HP: 71/76 MP: 19/34
 60438 | Shoals:4 | Reached skill level 10 in Evocations
 60755 | Vaults:2 | Identified the "Hicon"
 60755 | Desolati | Identified the "Ceusky"
 60755 | Vaults:5 | Identified the "Mablegesh"
 60755 | Vaults:5 | Identified the "Kathriuf"
 60755 | Vaults:5 | Identified the of Ogodgheka
 60755 | Depths:2 | Identified the of Ownaucot
 60755 | Elf:1    | Identified the of Taerim
 60755 | Elf:1    | Entered Level 1 of the Elven Halls
 61233 | Elf:1    | Found an ancient bone altar of Kikubaaqudgha.
 62855 | Elf:2    | Reached skill level 13 in Dodging
 63184 | Elf:2    | Found a runed translucent gate.
 63184 | Elf:2    | Found a runed translucent gate.
 63186 | Elf:2    | Found a runed translucent gate.
 63238 | Elf:2    | Reached skill level 14 in Dodging
 63754 | Vaults:1 | Entered Level 1 of the Vaults
 64305 | Vaults:1 | Reached skill level 15 in Dodging
 64616 | Vaults:1 | Learned a level 2 spell: Blink
 64953 | Vaults:1 | Found Gussoma's Weapon Emporium.
 65470 | Vaults:2 | Noticed Zenata
 65866 | Vaults:1 | Bought a potion of haste for 160 gold pieces
 65866 | Vaults:1 | Bought a potion of brilliance for 64 gold pieces
 65866 | Vaults:1 | Bought a potion of berserk rage for 80 gold pieces
 65866 | Vaults:1 | Bought a potion of might for 64 gold pieces
 66142 | Elf:3    | Identified the "Juwian"
 66142 | Elf:3    | Identified the "Reskit Galipn"
 66142 | Elf:3    | Entered Level 3 of the Elven Halls
 66271 | Elf:3    | Reached XP level 18. HP: 80/80 MP: 32/35
 66339 | Elf:3    | Learned a level 2 spell: Wereblood
 66512 | Elf:3    | Reached skill level 10 in Translocations
 68203 | Elf:3    | Identified the +6 long sword "Estekyvo" {drain, rF- rN+
                  | Str+6 Stlth+}
 68470 | Elf:3    | Identified the ring "Esunuhiy" {rPois Will+}
 68497 | Elf:3    | Identified the +6 flail of the Healing Goat {speed, rElec}
 69343 | Vaults:2 | Acquired 982 gold pieces
 69896 | Vaults:3 | Reached skill level 16 in Dodging
 71026 | Vaults:3 | Reached XP level 19. HP: 87/87 MP: 36/36
 71133 | Vaults:3 | Found a staircase to the Crypt.
 71133 | Vaults:3 | Found a basalt altar of Yredelemnul.
 71134 | Vaults:3 | Found an ancient bone altar of Kikubaaqudgha.
 72092 | Vaults:4 | Reached skill level 17 in Dodging
 72399 | Vaults:4 | Noticed Donald
 72412 | Vaults:4 | Killed Donald
 73585 | Snake:3  | Reached skill level 18 in Dodging
 73957 | Snake:3  | Reached skill level 15 in Unarmed Combat
 74602 | Snake:3  | Found Tiefaom's Jewellery Shoppe.
 74602 | Snake:3  | Found Ahiraypn's Book Boutique.
 74603 | Snake:3  | Found Fustoa's Book Boutique.
 74613 | Snake:3  | Bought a book of the Wilderness for 646 gold pieces
 74619 | Snake:3  | Learned a level 5 spell: Summon Forest
 74840 | Snake:3  | Reached skill level 1 in Summonings
 74846 | Snake:3  | Reached skill level 15 in Translocations
 75041 | Snake:4  | Entered Level 4 of the Snake Pit
 75176 | Snake:4  | Found Rorghis's Weapon Boutique.
 75177 | Snake:4  | Found Ocwip's Distillery.
 75177 | Snake:4  | Found Weichu Zajiu's Book Shop.
 75182 | Snake:4  | Found Liummuho's Armour Shop.
 75208 | Snake:4  | Bought a potion of invisibility for 104 gold pieces
 75208 | Snake:4  | Bought a potion of brilliance for 52 gold pieces
 75208 | Snake:4  | Bought a potion of haste for 130 gold pieces
 75208 | Snake:4  | Bought a potion of haste for 130 gold pieces
 75388 | Snake:4  | Reached skill level 5 in Summonings
 75581 | Snake:4  | Reached XP level 20. HP: 91/91 MP: 25/37
 75874 | Snake:4  | Got a serpentine rune of Zot
 76889 | Crypt:1  | Entered Level 1 of the Crypt
 77036 | Crypt:1  | Found an ancient bone altar of Kikubaaqudgha.
 77565 | D:11     | Bought a potion of cancellation for 216 gold pieces
 77565 | D:11     | Bought a potion of enlightenment for 135 gold pieces
 77565 | D:11     | Bought a wand of digging (4) for 453 gold pieces
 77875 | Crypt:1  | Reached skill level 10 in Summonings
 78342 | Snake:2  | Bought a Grand Grimoire for 544 gold pieces
 78350 | Snake:2  | Learned a level 7 spell: Malign Gateway
 80882 | Crypt:3  | Entered Level 3 of the Crypt
 81293 | Crypt:3  | Found an ancient bone altar of Kikubaaqudgha.
 81303 | Crypt:3  | Reached XP level 21. HP: 95/95 MP: 25/38
 82184 | Crypt:3  | Identified the blade talisman "Vupyixto" {rElec Str+2}
 82197 | Crypt:3  | Found a staircase to the Tomb.
 82197 | Crypt:3  | Identified the +1 shortbow of Ubuok {drain, rElec rF+++
                  | Stlth-}
 82197 | Crypt:3  | Identified the ring "Tepalaileu" {rF+ rN+ Int+3 Dex+2}
 82245 | Crypt:3  | Identified the ring "Dilos" {rN+ Str+4 Slay-5}
 82245 | Crypt:3  | Identified the ring "Wyemurao" {rN+ MP+9 Str+5 Slay+3}
 82273 | Crypt:3  | Noticed a profane servitor
 82283 | Crypt:3  | Killed a profane servitor
 82815 | Vaults:2 | Identified the +1 war axe "Secret Weapon" {speed, Str-4
                  | Dex+5 Stlth+}
 82970 | Vaults:2 | Noticed Jory
 82973 | Vaults:2 | Killed Jory
 82975 | Vaults:2 | Killed Zenata
 84159 | D:15     | Found a staircase to the Depths.
 84190 | Depths:1 | Entered Level 1 of the Depths
 84395 | Depths:1 | Reached skill level 19 in Dodging
 85271 | Depths:1 | Found a gateway to Hell.
 85855 | Depths:2 | Found a one-way gate leading to the halls of Pandemonium.
 85901 | Depths:2 | Reached XP level 22. HP: 102/102 MP: 7/41
 86074 | Depths:2 | Identified the ring "Otsiribb" {Str+6 Int+4 Dex+4}
 86183 | Depths:2 | Found a one-way gateway to a ziggurat.
 86335 | Depths:2 | Found a one-way gate to the infinite horrors of the Abyss.
 86459 | Depths:2 | Noticed a golden dragon
 86460 | Depths:2 | Noticed a juggernaut
 86513 | Depths:2 | Killed a juggernaut
 86651 | Depths:2 | Killed a golden dragon
 86950 | Depths:2 | Noticed a golden dragon
 86956 | Depths:2 | Killed a golden dragon
 86957 | Depths:2 | Reached skill level 20 in Dodging
 87039 | Depths:2 | Noticed a golden dragon
 87067 | Depths:2 | Killed a golden dragon
 87376 | Depths:3 | Noticed a juggernaut
 87387 | Depths:3 | Killed a juggernaut
 87551 | Depths:3 | Identified the ring "Nicrudo" {rF+ rCorr EV+5 Str-3 SInv}
 87734 | Depths:3 | Identified the +1 ring mail of Trumpets {Harm Rampage
                  | Str+3}
 87789 | Depths:3 | Found a radiant altar of Vehumet.
 87900 | Depths:3 | Noticed a golden dragon
 87925 | Depths:3 | Noticed a golden dragon
 87931 | Depths:3 | Killed a golden dragon
 88871 | Depths:3 | Found a basalt altar of Yredelemnul.
 88906 | Depths:3 | Reached skill level 21 in Dodging
 89140 | Depths:3 | Reached skill level 15 in Fighting
 89173 | Depths:3 | Reached XP level 23. HP: 108/108 MP: 15/42
 89584 | Depths:3 | Found a sacrificial altar of Ru.
 90070 | Depths:3 | Found an opulent altar of Gozag.
 90303 | Depths:4 | Entered Level 4 of the Depths
 91202 | Depths:4 | Reached skill level 15 in Stealth
 91230 | Depths:4 | Reached skill level 15 in Summonings
 91349 | Depths:4 | Found a gate to the Realm of Zot.
 91799 | Depths:4 | Bought the ring of the Tortoise {AC+8} for 2048 gold pieces
 91799 | Depths:4 | Found the ring of the Tortoise {AC+8}
 92274 | D:12     | Found a runed translucent gate.
 92274 | D:12     | Found a runed translucent gate.
 92278 | D:12     | Found a runed translucent gate.
 92280 | D:12     | Noticed senseless's ghost (journeyman DsSh)
 92713 | Orc:2    | Killed Erolcha
 92900 | Elf:2    | Identified the serpent talisman of the Old World {Will-
                  | Dex+3 Stlth+}
 92900 | Elf:2    | Noticed Aizul
 92910 | Elf:2    | Killed Aizul
 93088 | Elf:2    | Learned a level 8 spell: Summon Horrible Things
 94510 | Depths:2 | Voluntarily entered the Abyss.
 94607 | Abyss:1  | Lost strength.
 94674 | Abyss:1  | Found a corrupted altar of Lugonu.
 94877 | Depths:2 | Escaped the Abyss
 94919 | Depths:2 | Voluntarily entered the Abyss.
 94927 | Abyss:2  | Found a corrupted altar of Lugonu.
 95144 | Abyss:2  | Identified the "Archicsa"
 95144 | Abyss:2  | Identified the "Demizxuts"
 95144 | Abyss:2  | Identified the "Xuuhavyr"
 95144 | Abyss:2  | Identified the "Yzeun"
 95144 | Abyss:2  | Identified the of Loucsaem
 95144 | Abyss:2  | Identified the of Ycutom
 95144 | Abyss:2  | Identified the "Unilajar"
 95144 | Abyss:2  | Identified the of Sosaqiff
 95144 | Abyss:2  | Identified the "Usoocho"
 95345 | Abyss:2  | Identified the ring of Bouthil {*Corrode +Blink Fly Dex+6}
 95354 | Depths:2 | Escaped the Abyss
 95407 | Depths:2 | Voluntarily entered the Abyss.
 95659 | Abyss:3  | Identified the +13 tower shield of the Crypt {rF+ Will++}
 95664 | Abyss:3  | Found a corrupted altar of Lugonu.
 95688 | Abyss:3  | Gained mutation: You are clumsy. (Dex -2) [a neqoxec]
 95723 | Depths:2 | Escaped the Abyss
 95730 | Depths:2 | Voluntarily entered the Abyss.
 95732 | Abyss:3  | Found a corrupted altar of Lugonu.
 95838 | Abyss:3  | Gained mutation: You occasionally shout uncontrollably at
                  | your foes. [a cacodemon]
 95848 | Abyss:3  | Reached XP level 24. HP: 112/112 MP: 33/42
 95919 | Depths:2 | Escaped the Abyss
 96362 | Zot:1    | Identified the "Lideur"
 96362 | Slime:5  | Identified the of Ocaycvuh
 96362 | Slime:5  | Identified the of Ijosatra
 96362 | Tomb:1   | Entered Level 1 of the Tomb of the Ancients
 97459 | Depths:2 | Voluntarily entered the Abyss.
 97800 | Abyss:3  | Found a corrupted altar of Lugonu.
 97832 | Abyss:3  | Got an abyssal rune of Zot
 97884 | Depths:2 | Escaped the Abyss
 98011 | Zot:1    | Entered Level 1 of the Realm of Zot
 98053 | Zot:1    | Reached skill level 15 in Spellcasting
 98257 | Zot:1    | Found a snail-covered altar of Cheibriados.
 99782 | D:4      | Bought a phantom mirror for 1000 gold pieces
 99782 | D:4      | Bought a scroll of teleportation for 75 gold pieces
 99963 | Orc:2    | Bought 2 potions of mutation for 224 gold pieces
 99963 | Orc:2    | Bought a potion of mutation for 112 gold pieces
100293 | Vaults:4 | Bought a wand of paralysis (4) for 412 gold pieces
100293 | Vaults:4 | Bought a wand of roots (8) for 825 gold pieces
100293 | Vaults:4 | Bought a potion of mutation for 344 gold pieces
100294 | Vaults:4 | Lost mutation: You occasionally shout uncontrollably at
                  | your foes. [potion of mutation]
100294 | Vaults:4 | Lost mutation: You are clumsy. (Dex -2) [potion of
                  | mutation]
100294 | Vaults:4 | Gained mutation: Your mind is acute. (Int +4, Str/Dex -1)
                  | [potion of mutation]
100294 | Vaults:4 | Gained mutation: You occasionally lose the ability to read
                  | scrolls when taking damage. [potion of mutation]
100295 | Vaults:4 | Lost mutation: Your mind is acute. (Int +4, Str/Dex -1)
                  | [potion of mutation]
100295 | Vaults:4 | Lost mutation: You occasionally lose the ability to read
                  | scrolls when taking damage. [potion of mutation]
100295 | Vaults:4 | Gained mutation: You are partially covered in iridescent
                  | scales. (AC +2) [potion of mutation]
100295 | Vaults:4 | Gained mutation: You have a somewhat thin skeletal
                  | structure. (Dex +2, Stealth+) [potion of mutation]
100863 | Zot:2    | Found a corrupted altar of Lugonu.
101773 | Zot:2    | Found a corrupted altar of Lugonu.
103317 | Zot:4    | HP: 4/145 [white draconian stormcaller/blast of cold (10)]
103409 | Zot:4    | Reached XP level 25. HP: 91/116 MP: 40/43
103512 | Zot:4    | Reached skill level 15 in Evocations
103879 | Zot:4    | Identified the +0 buckler of Autotheism {+Inv Fly}
104329 | Zot:5    | Entered Level 5 of the Realm of Zot
104848 | Zot:5    | Noticed an orb of fire
105130 | Zot:5    | Noticed a Killer Klown
105130 | Zot:5    | Noticed an orb of fire
105131 | Zot:5    | Noticed a Killer Klown
105141 | Zot:5    | Killed a Killer Klown
105142 | Zot:5    | Killed a Killer Klown
105148 | Zot:5    | Killed a Killer Klown
105154 | Zot:5    | Killed a Killer Klown
105174 | Zot:5    | Killed an orb of fire
105198 | Zot:5    | Noticed a dread lich
105215 | Zot:5    | Killed a dread lich
105276 | Zot:5    | Noticed a Killer Klown
105284 | Zot:5    | Killed a Killer Klown
105390 | Zot:5    | Reached skill level 22 in Dodging
105627 | Zot:5    | Noticed a Killer Klown
105631 | Zot:5    | Noticed a Killer Klown
105633 | Zot:5    | Killed a Killer Klown
105696 | Zot:5    | Noticed a Killer Klown
105705 | Zot:5    | Killed a Killer Klown
105823 | Zot:5    | Noticed a Killer Klown
105833 | Zot:5    | Killed a Killer Klown
105838 | Zot:5    | Killed a Killer Klown
105888 | Zot:5    | Noticed an orb of fire
105896 | Zot:5    | Gained mutation: You occasionally shout uncontrollably at
                  | your foes. [an orb of fire]
105898 | Zot:5    | Killed an orb of fire
105900 | Zot:5    | Noticed a dread lich
105908 | Zot:5    | Killed a dread lich
106327 | Zot:5    | Got the Orb of Zot
106422 | Zot:4    | Noticed Coafekunk the pandemonium lord
106600 | D:15     | Noticed Busuhug the pandemonium lord
106600 | D:15     | Noticed an ancient lich
106929 | D:$      | Escaped with the Orb!

Illustrated notes

Levels and vault maps discovered:
D:1:      erik_arrival_blinker_ship, layout_rooms,
          shapermc_ecumenical_altar_flowoftime
D:2:      minmay_skewed_foursquare, layout_basic, uniq_terence
D:3:      layout_basic, serial_shops, nicolae_shop_rolling_square
D:4:      layout_loops_ring, nicolae_tso_swordbearing_angel,
          minmay_temple_entry_mist, serial_shops, kennysheep_little_box,
          kennysheep_small_spiral, uniq_pikel
D:5:      layout_basic, minitemple, serial_shops, shop
D:6:      layout_basic, mainiacjoe_ossuary_entry_find_the_door,
          gup_sewer_entry_spiral, st_stairs_11, corner_web_ring, uniq_grinder
D:7:      layout_basic, kennysheep_generic_room_6, uniq_joseph
D:8:      layout_layer_cave, nicolae_diode_quadrants
D:9:      layout_irregular_city, dpeg_oklobed_lair, dk_noncrumbling_3
D:10:     layout_irregular_city, ploomutoo_gammafunk_ghost_potion_laboratory,
          amethyst_killhole, uniq_lodul
D:11:     layout_roguey, zombieorc2_lemuel, nicolae_vehumet_altar_sigil
D:12:     layout_roguey, nicolae_trove_entry_crystal,
          ploomutoo_gammafunk_ghost_potion_laboratory
D:13:     layout_gridville, worldfamousw_hep_ancestral_shrine, uniq_snorg,
          uniq_urug
D:14:     layout_basic, david_vaults_2, gammafunk_ghost_hydra_chop,
          guppyfry_shop_blood, uniq_rupert, uniq_roxanne
D:15:     gammafunk_enter_depths_forms, layout_cave_pools, serial_shops,
          bzr_entry_safe, nemelex_lonely_heart_becter, trog_three_pillars_becter
Temple:   minmay_crystal_spiral_temple
Lair:1:   layout_regular_city
Lair:2:   layout_regular_city, minmay_shoals_entry_centaurs,
          minmay_snake_entry_six_corridors
Lair:3:   layout_roguey, st_stairs_7, grunt_forest_large_clearings,
          grunt_megastairs_4, infiniplex_staircase_pool, serial_bayou_shore_b,
          uniq_josephine
Lair:4:   layout_roguey, dpeg_slime_entry_enclosed
Lair:5:   hellmonk_lair_end_abyssal_woods, layout_loops_ring,
          dreamdust_gnoll_shepherd, serial_bayou_shore_b
Shoals:1: nicolae_shoals_island_circles, layout_shoals
Shoals:2: layout_shoals, gammafunk_ghost_necromancy
Shoals:3: layout_shoals, serial_shops, nicolae_shop_bloodbath_and_beyond,
          uniq_ilsuiw
Shoals:4: shoals_end_simple, layout_shoals, shoals_ilsuiw_ice,
          nicolae_shoals_sun_and_surf
Snake:1:  nicolae_snake_nest, layout_misc_corridors, uniq_asterion
Snake:2:  layout_rooms, serial_shops, shop, st_stairs_4, grunt_ministairs_6
Snake:3:  layout_rooms, portal_ice_cave_entry_ice_simulacra,
          nicolae_snake_gridmaze_swirls, nicolae_snake_shapes,
          grunt_megastairs_1, minmay_shop_grove
Snake:4:  grunt_snake_rune_pools, layout_basic, minmay_shoptagon
Orc:1:    dreamdust_dug_too_deep, layout_caves, minmay_orc_temple_a
Orc:2:    st_orc_town, layout_caves, nicolae_orc_crystal_geode, uniq_jorgrun,
          uniq_erolcha, uniq_azrael
Elf:1:    layout_onion_city, basic_altar, minmay_elf_sorcery, minivault_25_ag
Elf:2:    elven_hall_of_blades_hangedman_original [nooodl_blade_entry_preview],
          layout_loops_cross, minivault_5, uniq_aizul
Elf:3:    elf_hall, layout_loops_ring, statue_in_the_mist_lemuel, hex_tiny
Vaults:1: nicolae_vaults_meiosis, nicolae_vaults_little_squares_1,
          ontoclasm_vaults_ring_large, nicolae_vaults_apartment_1,
          v_alt_pattern_6, nicolae_vaults_apartment_1, nicolae_vaults_alarming,
          nicolae_vaults_trapezoid_lopsided_3, layout_vaults_big_room,
          serial_shops, nicolae_shop_advertising_works
          [nicolae_subvault_shop_adworks]
Vaults:2: nicolae_vaults_stand_back, v_misc_22, nicolae_vaults_triangles,
          nicolae_vaults_closet_pinwheel_4, grunt_vaults_trifunnel,
          vaults_mumra_hexcomb, nicolae_vaults_tetromino_L_1,
          ontoclasm_vaults_misaligned, nicolae_vaults_offset_grid_hallway_1,
          v_misc_19, hangedman_vaults_stitches, vaults_room_grid,
          nicolae_vaults_closet_pinwheel_2, v_misc_19, ontoclasm_vaults_twist,
          layout_vaults_omnibox, uniq_jory, uniq_zenata
Vaults:3: portal_desolation_entry_ruin, nicolae_vaults_tetromino_T_2,
          vaults_mumra_minichess, nicolae_vaults_wine_cellar, v_alt_pattern_5,
          ontoclasm_vaults_misaligned, minmay_crypt_entry_necro_gods,
          vaults_dpeg_hooks, hangedman_vaults_impose,
          nicolae_vaults_trapezoid_2, nicolae_vaults_more_shelving_1,
          nicolae_vaults_display_case, nicolae_vaults_octothorpe,
          layout_vaults_quadrants
Vaults:4: hangedman_vaults_trim, vaults_room_octagon, grunt_vaults_diagonal,
          v_misc_18, v_rooms_5, nicolae_vaults_what_the_h, v_rooms_3,
          ontoclasm_vaults_claustrophobia, v_pattern_3,
          grunt_vaults_hallway_short, vaults_room_pool,
          nicolae_vaults_rhombus_6, layout_vaults_ring, uniq_donald
Crypt:1:  layout_misc_corridors, basic_altar, nicolae_crypt_soggy_tomb,
          st_stairs_3, roderic_lattice_octagonal_star,
          grunt_crypt_arrival_webbed
Crypt:2:  layout_chaotic_city, st_stairs_9, minicrypt_bobbens
Crypt:3:  grunt_crypt_end_deaths_head
Tomb:1
Depths:1: minmay_the_grid_plus_closed [minmay_the_grid_fan,
          minmay_the_grid_square_x, minmay_the_grid_minigrid_small_alt,
          minmay_the_grid_artifice, minmay_the_grid_prize_inner_circle],
          layout_gridlike, grunt_hell_entry_dis_mu, minmay_misc_feat_pillars,
          minmay_fractal_squares_diagonal_5
Depths:2: minmay_expanding_squares, layout_basic, enter_ziggurat_d, abyss_entry,
          nicolae_water_bricks, rand_demon_pan_entry_8,
          pf_hell_entry_tar_spiral, dispersion_dpeg,
          infiniplex_staircase_squiggle
Depths:3: grunt_profane_halls [grunt_profane_temple_dis,
          grunt_profane_temple_geh, grunt_profane_temple_tar,
          grunt_profane_temple_coc, grunt_profane_loot], abyss_entry, hell_entry
Depths:4: grunt_zot_entry_gee_three, layout_cave_shapes, hell_entry,
          serial_bayou_shore_a
Zot:1:    layout_misc_corridors, regret_index_zotdec_serpentine_coiled
Zot:2:    layout_concentric_octagons, amcnicky_altar_lugonu_corruption
Zot:3:    layout_cathedral_of_symmetry, regret_index_zotdec_twisting_globes
Zot:4:    layout_basic, uniq_josephina
Zot:5:    layout_gridlike

Skill      XL: |  1  2  3  4  5  6  7  8  9 10 11 12 13 14 15 16 17 18 19 20 21 22 23 24 25 |
---------------+----------------------------------------------------------------------------+-----
Stealth        | 3 5 6 7 10 13 15 | 15.0
Fighting       | 1 3 4 6 7 8 10 12 13 15 16 | 16.6
Evocations     | 2 4 5 6 9 10 14 15 | 15.0
Spellcasting   | 3 5 8 9 12 14 15 | 15.0
Dodging        | 6 7 10 11 12 15 16 18 19 21 22 | 22.7
Necromancy     | 5 6 |  6.0
Unarmed Combat | 2 4 7 8 10 12 13 15 16 17 18 19 | 19.2
Ice Magic      | 1 5 |  5.0
Hexes          | 6 |  6.0
Conjurations   | 1 5 6 8 |  8.0
Shapeshifting  | 8 11 15 16 | 16.0
Translocations | 2 8 13 15 | 15.0
Transmutations | 6 8 |  8.0
Earth Magic    | 1 4 |  4.0
Summonings     | 5 13 14 18 20 | 20.0

Action                     |  1- 3 |  4- 6 |  7- 9 | 10-12 | 13-15 | 16-18 | 19-21 | 22-24 | 25-27 || total
---------------------------+-------+-------+-------+-------+-------+-------+-------+-------+-------++-------
  Melee: Unarmed           |    21 |    12 |   115 |   204 |  1212 |  1450 |  1586 |  1651 |   347 ||  6598
         Bite              |     6 |     3 |    18 |    47 |   163 |   176 |   276 |   225 |    63 ||   977
         Punch             |     1 |       |       |    12 |    71 |   128 |   182 |   229 |    55 ||   678
         Maw               |       |       |       |       |   140 |       |       |       |       ||   140
   Cast: Necrotise         |    64 |   106 |   331 |   294 |    29 |       |       |       |       ||   824
         Vampiric Draining |       |       |    52 |   244 |   149 |       |       |       |       ||   445
         Frozen Ramparts   |       |       |       |    49 |    60 |     3 |       |       |       ||   112
         Hailstorm         |       |       |       |    12 |   243 |    19 |       |       |       ||   274
         Confusing Touch   |       |       |       |     3 |     5 |       |       |       |       ||     8
         Manifold Assault  |       |       |       |       |   158 |   377 |   127 |   323 |    41 ||  1026
         Irradiate         |       |       |       |       |       |    90 |    83 |    66 |    19 ||   258
         Wereblood         |       |       |       |       |       |     7 |    38 |    16 |     4 ||    65
         Blink             |       |       |       |       |       |     2 |     3 |     5 |     1 ||    11
         Passwall          |       |       |       |       |       |     1 |       |     4 |     1 ||     6
         Summon Forest     |       |       |       |       |       |       |    36 |    43 |     9 ||    88
         Malign Gateway    |       |       |       |       |       |       |    11 |    18 |     6 ||    35
         Summon Horrible T |       |       |       |       |       |       |       |     6 |     2 ||     8
 Invoke: Call Merchant     |       |       |       |     1 |     1 |     2 |     2 |     1 |       ||     7
         Potion Petition   |       |       |       |       |     3 |     1 |     2 |     5 |     1 ||    12
         Bribe Branch      |       |       |       |       |       |       |       |       |     1 ||     1
Ability: Begin Untransform |       |       |       |       |     1 |       |       |       |     1 ||     2
  Evoke: Wand              |       |    13 |     7 |    16 |    51 |    11 |    10 |    13 |    23 ||   144
         Lightning rod     |       |       |       |       |     6 |    10 |     9 |    10 |       ||    35
         Condenser vane    |       |       |       |       |     1 |     6 |     4 |     6 |       ||    17
         Phial of floods   |       |       |       |       |       |       |     1 |     2 |       ||     3
    Use: Scroll            |     7 |     7 |     8 |    12 |    23 |    18 |     3 |     5 |     3 ||    86
         Potion            |       |       |     1 |     2 |    22 |    15 |     6 |    14 |    14 ||    74
   Stab: Paralysed         |       |     9 |     3 |       |     9 |     3 |     2 |     4 |     7 ||    37
         Sleeping          |       |       |    10 |     9 |    36 |    15 |    21 |    13 |     5 ||   109
         Confused          |       |       |       |     2 |     5 |       |       |       |       ||     7
         Distracted        |       |       |       |       |    10 |    14 |    40 |    43 |     6 ||   113
         Invisible         |       |       |       |       |     3 |     2 |       |     6 |     1 ||    12
 Armour: Skin              |       |    16 |    59 |   152 |   480 |   491 |   462 |   464 |   165 ||  2289
  Dodge: Dodged            |     2 |    27 |   184 |   411 |  1677 |  2082 |  3120 |  2518 |   763 || 10784
  Block: Other             |       |       |       |       |       |   200 |   464 |   242 |   109 ||  1015
         Reflection        |       |       |       |       |       |    12 |    26 |     4 |     2 ||    44
   Form: Beast             |       |       |       |       |     1 |       |       |       |       ||     1
         Maw               |       |       |       |       |     2 |       |       |       |       ||     2
         Blade             |       |       |       |       |     2 |       |       |       |       ||     2
         Statue            |       |       |       |       |     2 |       |       |       |       ||     2

Table legend: (Time is in decaauts)
 A = Elapsed time spent in this place.
 B = Non-inter-level travel time spent in this place.
 C = Inter-level travel time spent in this place.
 D = Time resting spent in this place.
 E = Time spent auto-exploring this place.
 F = Levels seen in this place.
 G = Mean time per level.
                   A        B        C        D        E       F      G
               +--------+--------+--------+--------+--------+-----+--------+
         Total | 127162 | 107467 |  19695 |  13524 |  67871 |  61 | 2084.6 |
       Dungeon |  30151 |  21381 |   8770 |   4297 |  10363 |  15 | 2010.1 |
        Temple |     95 |      3 |     92 |      0 |      0 |   1 |   95.0 |
          Lair |  14017 |  12449 |   1568 |   2274 |   7437 |   5 | 2803.4 |
        Shoals |  11586 |  10433 |   1153 |   1029 |   7447 |   4 | 2896.5 |
     Snake Pit |  10104 |   9085 |   1019 |   1004 |   5906 |   4 | 2526.0 |
  Orcish Mines |   4958 |   4103 |    855 |    449 |   2910 |   2 | 2479.0 |
   Elven Halls |  10018 |   9158 |    860 |   1341 |   6262 |   3 | 3339.3 |
        Vaults |  12560 |   9551 |   3009 |    726 |   6558 |   4 | 3140.0 |
         Crypt |   6947 |   6071 |    876 |      0 |   4644 |   3 | 2315.7 |
          Tomb |   1053 |   1010 |     43 |    864 |      0 |   1 | 1053.0 |
        Depths |  11939 |  11038 |    901 |    649 |   8223 |   4 | 2984.8 |
           Zot |  10597 |  10055 |    542 |    733 |   7516 |   5 | 2119.4 |
         Abyss |   2413 |   2413 |      0 |     52 |    283 |   7 |  344.7 |
        Bazaar |     64 |     64 |      0 |      0 |     30 |   1 |   64.0 |
         Sewer |    638 |    638 |      0 |    103 |    288 |   1 |  638.0 |
       Ossuary |     15 |     15 |      0 |      0 |      0 |   1 |   15.0 |
               +--------+--------+--------+--------+--------+-----+--------+

Top non-repeatable levels by time:
  Lair:2: 4192 daAuts
Depths:3: 4131 daAuts
   Elf:3: 4068 daAuts
    D:14: 4033 daAuts
Vaults:3: 3869 daAuts
Shoals:3: 3571 daAuts
 Snake:2: 3346 daAuts
Shoals:4: 3295 daAuts
Shoals:2: 3241 daAuts
   Orc:2: 3185 daAuts
Depths:2: 3175 daAuts
Vaults:2: 3104 daAuts
Vaults:1: 3031 daAuts
   Elf:1: 3023 daAuts
   Zot:5: 2968 daAuts
